BSA
MAUI TROPICS @ SO CAL BRUINS
07/16/2028
 
TOP OF THE 1ST
Maui Tropics batting - Pitching for So Cal Bruins : RHP Juan González
Pitching: RHP Juan González
Batting: LHB Mike Pearson 0-0: Ball
1-0: Swinging Strike
1-1: Ball
2-1: SINGLE (Groundball, 6D)
Batting: LHB Luis Antonio Torres 0-0: Called Strike
0-1: Ball
1-1: Ball
2-1: Ball
3-1: Fly out, F7 (Flyball, 7LM)
Batting: RHB Jesús Espinoza 0-0: Swinging Strike
0-1: Ball
1-1: Swinging Strike
1-2: Strikes out swinging
Batting: RHB Luis Alou 0-0: Called Strike
Mike Pearson steals 2nd base
0-1: Ball
1-1: Swinging Strike
1-2: Strikes out swinging
Top of the 1st over - 0 run(s), 1 hit(s), 0 error(s), 1 left on base; Maui 0 - So Cal 0
BOTTOM OF THE 1ST
So Cal Bruins batting - Pitching for Maui Tropics : LHP Kent Robinson
Pitching: LHP Kent Robinson
Batting: LHB Jesús Campos 0-0: Called Strike
0-1: Swinging Strike
0-2: Ball
1-2: Ball
2-2: Strikes out swinging
Batting: RHB Lawrence Schroeder 0-0: Ball
1-0: Ball
2-0: Foul Ball, location: 2F
2-1: Ground out U3 (Groundball, 34S)
Batting: LHB José Antonio Santiago 0-0: Fly out, F8 (Flyball, 8RM)
Bottom of the 1st over - 0 run(s), 0 hit(s), 0 error(s), 0 left on base; Maui 0 - So Cal 0
TOP OF THE 2ND
Maui Tropics batting - Pitching for So Cal Bruins : RHP Juan González
Batting: RHB José Herrera 0-0: Called Strike
0-1: Swinging Strike
0-2: Foul Ball, location: 2F
0-2: Ball
1-2: Ball
2-2: Foul Ball, location: 2F
2-2: Strikes out swinging
Batting: LHB José Rivas 0-0: Foul Ball, location: 2F
0-1: Foul Ball, location: 2F
0-2: Strikes out swinging, 2-3 out at first.
Batting: RHB Ximena Campos 0-0: Called Strike
0-1: Foul Ball, location: 2F
0-2: Ball
1-2: Ball
2-2: SINGLE (Groundball, 56D)
Batting: LHB Mark Everett 0-0: Ball
1-0: SINGLE (Line Drive, 9S)
Ximena Campos to second
Runner from 2nd tries for 3rd, SAFE, throw made to third
Batting: RHB Matt Silver 0-0: Foul Ball, location: 2F
0-1: Fielders Choice at 2nd, 5-4 (Groundball, 56)
Top of the 2nd over - 0 run(s), 2 hit(s), 0 error(s), 1 left on base; Maui 0 - So Cal 0
BOTTOM OF THE 2ND
So Cal Bruins batting - Pitching for Maui Tropics : LHP Kent Robinson
Batting: RHB Earl Wiggins 0-0: Fly out, F9 (Flyball, 89S)
Batting: LHB Kiyonaga Morita 0-0: Ball
1-0: Ball
2-0: Swinging Strike
2-1: Called Strike
2-2: Reached via error on a dropped throw, E1
Batting: LHB Jeff Carter Balk!
Kiyonaga Morita to second
0-0: Ball
1-0: Called Strike
1-1: Called Strike
1-2: DOUBLE (Line Drive, 9LD)
Kiyonaga Morita scores
Batting: LHB César Valentín 0-0: Called Strike
0-1: Ball
1-1: Called Strike
1-2: Ball
2-2: Ball
3-2: Base on Balls
Batting: LHB Patrick Osborne 0-0: Called Strike
0-1: Fielders Choice at 2nd, 1-6 (Groundball, 13)
Jeff Carter to third
Batting: RHB Morgan Gibbon 0-0: 3-RUN HOME RUN (Flyball, 7D), Distance : 376 ft
Batting: LHB Jesús Campos 0-0: Ball
1-0: Called Strike
1-1: Swinging Strike
1-2: Ball
2-2: Ball
3-2: Foul Ball, location: 2F
3-2: Strikes out looking
Bottom of the 2nd over - 4 run(s), 2 hit(s), 1 error(s), 0 left on base; Maui 0 - So Cal 4
TOP OF THE 3RD
Maui Tropics batting - Pitching for So Cal Bruins : RHP Juan González
Batting: LHB Mike Pearson 0-0: Fly out, F6 (Popup, 6)
Batting: LHB Luis Antonio Torres 0-0: Ball
1-0: Called Strike
1-1: Swinging Strike
1-2: Ball
2-2: Ball
3-2: Foul Ball, location: 2F
3-2: Strikes out swinging
Batting: RHB Jesús Espinoza 0-0: Called Strike
0-1: Ball
1-1: Called Strike
1-2: Ball
2-2: Strikes out swinging
Top of the 3rd over - 0 run(s), 0 hit(s), 0 error(s), 0 left on base; Maui 0 - So Cal 4
BOTTOM OF THE 3RD
So Cal Bruins batting - Pitching for Maui Tropics : LHP Kent Robinson
Batting: RHB Lawrence Schroeder 0-0: Ball
1-0: Fly out, F8 (Flyball, 8RD)
Batting: LHB José Antonio Santiago 0-0: Called Strike
0-1: Ball
1-1: Foul Ball, location: 2F
1-2: Foul Ball, location: 2F
1-2: Fly out, F3 (Popup, 3S)
Batting: RHB Earl Wiggins 0-0: Ball
1-0: Called Strike
1-1: SINGLE (Line Drive, 89S)
Batting: LHB Kiyonaga Morita 0-0: Ball
1-0: Swinging Strike
1-1: Ball
2-1: Swinging Strike
2-2: Strikes out swinging
Bottom of the 3rd over - 0 run(s), 1 hit(s), 0 error(s), 1 left on base; Maui 0 - So Cal 4
TOP OF THE 4TH
Maui Tropics batting - Pitching for So Cal Bruins : RHP Juan González
Batting: RHB Luis Alou 0-0: Foul Ball, location: 2F
0-1: Fly out, F8 (Flyball, 8RM)
Batting: RHB José Herrera 0-0: Called Strike
0-1: Foul Ball, location: 2F
0-2: Fly out, F7 (Flyball, 78D)
Batting: LHB José Rivas 0-0: TRIPLE (Line Drive, 89XD)
Batting: RHB Ximena Campos 0-0: Foul Ball, location: 2F
0-1: Foul Ball, location: 2F
0-2: Ball
1-2: Foul Ball, location: 2F
1-2: Foul Ball, location: 2F
1-2: Ball
2-2: Fly out, F9 (Flyball, 9LM)
Top of the 4th over - 0 run(s), 1 hit(s), 0 error(s), 1 left on base; Maui 0 - So Cal 4
BOTTOM OF THE 4TH
So Cal Bruins batting - Pitching for Maui Tropics : LHP Kent Robinson
Batting: LHB Jeff Carter 0-0: Ball
1-0: SINGLE (Flyball, 8RS)
Batting: LHB César Valentín 0-0: Ball
1-0: Swinging Strike
1-1: Swinging Strike
1-2: Ball
2-2: Fielders Choice at 2nd, 5-4 (Groundball, 56)
Batting: LHB Patrick Osborne 0-0: Ball
1-0: Ball
2-0: Grounds into double play, 6-4-3 (Groundball, 6)
Bottom of the 4th over - 0 run(s), 1 hit(s), 0 error(s), 0 left on base; Maui 0 - So Cal 4
TOP OF THE 5TH
Maui Tropics batting - Pitching for So Cal Bruins : RHP Juan González
Batting: LHB Mark Everett 0-0: Swinging Strike
0-1: Ball
1-1: Ball
2-1: Foul Ball, location: 2F
2-2: Ground out 1-3 (Groundball, 13S)
Batting: RHB Matt Silver 0-0: Ball
1-0: Ball
2-0: Foul Ball, location: 2F
2-1: Called Strike
2-2: Strikes out looking
Batting: LHB Mike Pearson 0-0: Called Strike
0-1: Ball
1-1: Fly out, F8 (Flyball, 8RM)
Top of the 5th over - 0 run(s), 0 hit(s), 0 error(s), 0 left on base; Maui 0 - So Cal 4
BOTTOM OF THE 5TH
So Cal Bruins batting - Pitching for Maui Tropics : LHP Kent Robinson
Batting: RHB Morgan Gibbon 0-0: Called Strike
0-1: Ball
1-1: Swinging Strike
1-2: Foul Ball, location: 2F
1-2: Ball
2-2: DOUBLE (Groundball, 5L)
Batting: LHB Jesús Campos 0-0: Ball
1-0: DOUBLE (Flyball, 89D)
Morgan Gibbon scores
Batting: RHB Lawrence Schroeder 0-0: Ball
1-0: Foul Ball, location: 2F
1-1: Ball
2-1: Ball
3-1: Ground out 4-3 (Groundball, 4)
Jesús Campos to third
Batting: LHB José Antonio Santiago 0-0: Ball
1-0: Swinging Strike
1-1: Ball
2-1: Ground out 4-3 (Groundball, 4)
Jesús Campos scores
Batting: RHB Earl Wiggins 0-0: Called Strike
0-1: Foul Ball, location: 2F
0-2: Foul Ball, location: 2F
0-2: Ball
1-2: Foul Ball, location: 2F
1-2: Fly out, F8 (Flyball, 8RD)
Bottom of the 5th over - 2 run(s), 2 hit(s), 0 error(s), 0 left on base; Maui 0 - So Cal 6
TOP OF THE 6TH
Maui Tropics batting - Pitching for So Cal Bruins : RHP Juan González
Batting: LHB Luis Antonio Torres 0-0: Ground out U3 (Groundball, 3L)
Batting: RHB Jesús Espinoza 0-0: Ball
1-0: Foul Ball, location: 2F
1-1: Ball
2-1: SINGLE (Flyball, 89S)
Batting: RHB Luis Alou 0-0: SINGLE (Line Drive, 56D)
Jesús Espinoza to second
Batting: RHB José Herrera 0-0: Ball
1-0: Ball
2-0: Called Strike
2-1: SINGLE (Flyball, 3D)
Jesús Espinoza to third
Luis Alou to second
Runner from 3rd tries for Home, SAFE, throw made home
Luis Alou to third
José Herrera to second
Batting: LHB José Rivas 0-0: Ball
1-0: Swinging Strike
1-1: Ground out 3-1 (Groundball, 34)
Luis Alou scores
José Herrera to third
Batting: RHB Ximena Campos 0-0: Ball
1-0: Swinging Strike
1-1: Ball
2-1: Foul Ball, location: 2F
2-2: Foul Ball, location: 2F
2-2: Ball
3-2: Foul Ball, location: 2F
3-2: Strikes out swinging
Top of the 6th over - 2 run(s), 3 hit(s), 0 error(s), 1 left on base; Maui 2 - So Cal 6
BOTTOM OF THE 6TH
So Cal Bruins batting - Pitching for Maui Tropics : LHP Kent Robinson
Batting: LHB Kiyonaga Morita 0-0: Called Strike
0-1: Ball
1-1: Called Strike
1-2: Foul Ball, location: 2F
1-2: SINGLE (Groundball, 3D)
Batting: LHB Jeff Carter 0-0: Fly out, F7 (Flyball, 7S)
Batting: LHB César Valentín 0-0: Called Strike
0-1: Called Strike
0-2: Ball
1-2: Ball
2-2: Fly out, F9 (Flyball, 89S)
Batting: LHB Patrick Osborne 0-0: Ball
1-0: Called Strike
1-1: DOUBLE (Line Drive, 9LM)
Kiyonaga Morita to third
Batting: RHB Morgan Gibbon 0-0: 3-RUN HOME RUN (Flyball, 8LXD), Distance : 407 ft
Batting: LHB Jesús Campos 0-0: Called Strike
0-1: Foul Ball, location: 2F
0-2: Ground out 4-3 (Groundball, 4S)
Bottom of the 6th over - 3 run(s), 3 hit(s), 0 error(s), 0 left on base; Maui 2 - So Cal 9
TOP OF THE 7TH
Maui Tropics batting - Pitching for So Cal Bruins : RHP Juan González
Pitching: LHP Jim Sheppard
Batting: LHB Mark Everett 0-0: Called Strike
0-1: Ball
1-1: Called Strike
1-2: Ground out U3 (Groundball, 3L)
Batting: RHB Matt Silver 0-0: Called Strike
0-1: Fly out, F8 (Flyball, 8LD)
Batting: LHB Mike Pearson 0-0: Ball
1-0: Called Strike
1-1: SINGLE (Line Drive, 78S)
Batting: LHB Luis Antonio Torres 0-0: Called Strike
0-1: Ball
1-1: Swinging Strike
1-2: Ball
2-2: Strikes out swinging
Top of the 7th over - 0 run(s), 1 hit(s), 0 error(s), 1 left on base; Maui 2 - So Cal 9
BOTTOM OF THE 7TH
So Cal Bruins batting - Pitching for Maui Tropics : LHP Kent Robinson
Pitching: RHP John Burris
Batting: RHB Lawrence Schroeder 0-0: Called Strike
0-1: Ball
1-1: Ground out 1-3 (Groundball, 13)
Batting: LHB José Antonio Santiago 0-0: Ground out 3-1 (Groundball, 34S)
Batting: RHB Earl Wiggins 0-0: Ground out 6-3 (Groundball, 6)
Bottom of the 7th over - 0 run(s), 0 hit(s), 0 error(s), 0 left on base; Maui 2 - So Cal 9
TOP OF THE 8TH
Maui Tropics batting - Pitching for So Cal Bruins : LHP Jim Sheppard
Now at SS: Jonathan MacVey
Batting: RHB Jesús Espinoza 0-0: Called Strike
0-1: Foul Ball, location: 2F
0-2: Ball
1-2: Strikes out swinging
Batting: RHB Luis Alou 0-0: SINGLE (Line Drive, 34)
Batting: RHB José Herrera 0-0: Ball
1-0: Foul Ball, location: 2F
1-1: Foul Ball, location: 2F
1-2: Ball
2-2: Ball
3-2: Base on Balls
Luis Alou to second
Batting: LHB José Rivas 0-0: Ball
1-0: Swinging Strike
1-1: Ball
2-1: Swinging Strike
2-2: Foul Ball, location: 2F
2-2: Foul Ball, location: 2F
2-2: Strikes out swinging
Batting: RHB Ximena Campos 0-0: Ball
1-0: Foul Ball, location: 2F
1-1: Fly out, F9 (Flyball, 9LS)
Top of the 8th over - 0 run(s), 1 hit(s), 0 error(s), 2 left on base; Maui 2 - So Cal 9
BOTTOM OF THE 8TH
So Cal Bruins batting - Pitching for Maui Tropics : RHP John Burris
Batting: LHB Kiyonaga Morita 0-0: Ball
1-0: Ball
2-0: Foul Ball, location: 2F
2-1: Ball
3-1: Base on Balls
Batting: LHB Jeff Carter 0-0: Ball
1-0: Ground out 5-3 (Groundball, 56S)
Kiyonaga Morita to second
Batting: LHB César Valentín 0-0: SINGLE (Line Drive, 89S)
Kiyonaga Morita to third
Batting: LHB Patrick Osborne 0-0: Ball
1-0: Called Strike
1-1: SINGLE (Line Drive, 78M)
Kiyonaga Morita scores
César Valentín to second
Batting: RHB Morgan Gibbon 0-0: Ball
1-0: Called Strike
1-1: Ball
2-1: Ball
3-1: Base on Balls
César Valentín to third
Patrick Osborne to second
Batting: LHB Jesús Campos 0-0: Ball
1-0: Fly out, F8 (Flyball, 8RS)
Runner from 3rd tags up, SCORES, no throw
Batting: RHB Jonathan MacVey 0-0: Called Strike
0-1: Ball
1-1: Ball
2-1: Foul Ball, location: 2F
2-2: Foul Ball, location: 2F
2-2: Fly out, F7 (Line Drive, 7)
Bottom of the 8th over - 2 run(s), 2 hit(s), 0 error(s), 2 left on base; Maui 2 - So Cal 11
TOP OF THE 9TH
Maui Tropics batting - Pitching for So Cal Bruins : LHP Jim Sheppard
Batting: LHB Mark Everett 0-0: Called Strike
0-1: Ground out 6-3 (Groundball, 56)
Batting: RHB Matt Silver 0-0: Called Strike
0-1: Foul Ball, location: 2F
0-2: SINGLE (Groundball, 6MD)
Batting: LHB Mike Pearson 0-0: Ball
1-0: DOUBLE (Line Drive, 7LM)
Matt Silver to third
Runner from 3rd tries for Home, SAFE, throw made at trailing runner, SAFE at third!
Batting: LHB Luis Antonio Torres 0-0: Called Strike
0-1: Called Strike
0-2: Strikes out swinging
Batting: RHB Jesús Espinoza 0-0: Ball
1-0: Ball
2-0: 2-RUN HOME RUN (Flyball, 89XD), Distance : 404 ft
Batting: RHB Luis Alou 0-0: Ball
1-0: Called Strike
1-1: Called Strike
1-2: Foul Ball, location: 2F
1-2: Ball
2-2: Ball
3-2: Foul Ball, location: 2F
3-2: Fly out, F9 (Flyball, 89S)
Top of the 9th over - 3 run(s), 3 hit(s), 0 error(s), 0 left on base; Maui 5 - So Cal 11
Tuesday, August 8th, 2017 - OOTP Baseball 17.12 Build 75